 Dungeon Crawl Stone Soup version 0.31-a0-202-g547052bce9 (webtiles) character file.

Game seed: 7277277937606992114

136 qw the Skirmisher (level 4, -1/25 HPs)
             Began as a Deep Elf Hunter on June 25, 2023.
             Killed from afar by an orc wizard (2 damage)
             ... with a magic dart
             ... on level 4 of the Dungeon on June 26, 2023.
             The game lasted 00:01:30 (2640 turns).

qw the Skirmisher (Deep Elf Hunter)                 Turns: 2640, Time: 00:01:30

Health: -1/25      AC:  8    Str: 10    XL:     4   Next: 98%
Magic:  6/6        EV:  9    Int: 14    God:
Gold:   90         SH:  0    Dex: 18    Spells: 3/3 levels left

rFire   . . .        Y - +0 shortbow
rCold   . . .        (shield currently unavailable)
rNeg    + . .        n - +0 scale mail
rPois   .            f - +0 helmet
rElec   .            (no cloak)
rCorr   +            m - +0 pair of gloves
SInv    .            (no boots)
Will    .....        (no amulet)
Stlth   +            k - ring of positive energy
HPRegen 0.24/turn    a - ring of resist corrosion
MPRegen 0.10/turn

%: no passive effects
@: no status effects
A: no striking features
a: no special abilities


You were on level 4 of the Dungeon.
You visited 1 branch of the dungeon, and saw 4 of its levels.

You collected 216 gold pieces.
You spent 126 gold pieces at shops.


   Skills:
 - Level 1.5 Fighting
 - Level 8.1 Ranged Weapons
 + Level 0.9 Armour
 - Level 2.4 Dodging
 - Level 1.2 Stealth


You had 3 spell levels left.
You didn't know any spells.
Your spell library was empty.

Inventory:

Hand Weapons
 Y - a +0 shortbow (weapon)
Armour
 f - a +0 helmet (worn)
 m - a +0 pair of gloves (worn)
 n - a +0 scale mail (worn)
Jewellery
 a - a ring of resist corrosion (right hand)
 k - a ring of positive energy (left hand)
Scrolls
 c - a scroll of fear {unknown}
 d - 2 scrolls of identify
Potions
 b - a potion of enlightenment
 e - a potion of brilliance {unknown}
 h - a potion of haste {unknown}
 i - 4 potions of curing
 l - a potion of cancellation {unknown}

Dungeon Overview and Level Annotations

Branches:
Dungeon (4/15)
 Temple: D:4-7

Altars:
Trog
Xom

Shops:
D:2 !


Message History

You shoot an arrow. The arrow hits the orc.
The orc is heavily wounded.
You hear some strange, mumbled words.
A magic dart appears from out of thin air!
Deactivating autopickup; reactivate with Ctrl-A.
The magic dart hits you.
You shoot an arrow. The arrow hits the orc!
You kill the orc!
A nearby plant withers and dies.
Something hits you but does no damage.
You shoot an arrow. Something hits you. The orc wizard casts a spell at you.
The magic dart hits you!
You hear a splashing noise.
You shoot an arrow. The arrow hits the orc wizard.
The orc wizard is moderately wounded.
Something hits you.
You shoot an arrow. The arrow hits the quokka!
You kill the quokka!
The orc wizard casts a spell.
The orc wizard flickers and vanishes!
Something hits you.
You shoot an arrow. Something hits you but does no damage.
You shoot an arrow. Something hits you but does no damage.
You hear a splashing noise.
You shoot an arrow.
Something hits you but does no damage. x2
You shoot an arrow. Something hits you but does no damage.
Something hits you. x2
You shoot an arrow.
Something hits you but does no damage. x3
You shoot an arrow. Something hits you.
You hear a splashing noise.
You shoot an arrow.
You hear some strange, mumbled words.
A magic dart appears from out of thin air!
The magic dart hits you.
You die... ...
PP~~PP

.. .P~~~P .. ##P~~~~ P.#.#
#. #P~~~7 7P.#.#
##[##.~~~77~~PP.
####..[~~~77P7~~~P
......{P{7PPPP~~7PP###
#...@7~PPPPP7~P~....
#..PP~~P#~.P~7P~##.#
#.~P~~~~..#~P7~~... #.#
#.PP7~P..###.~P..# #.#
#P~P~PP#..)<~~7~.# ...
#PPP~P...#..P~~P.# #.#
#.~~~P.......~~..#
#.#######~PPP....#...PP~##
#.#.......%.........[#####


There were no monsters in sight!

Vanquished Creatures
  Terence (D:3)
  3 adders
  An ufetubus (D:4)
  2 worms
  4 dart slugs
  2 orcs (D:4)
  7 endoplasms
  3 giant cockroaches
  3 goblins
  3 hobgoblins
  4 jackals
  3 quokkas
  7 ball pythons
  4 bats (D:2)
  3 frilled lizards (D:1)
  6 kobolds
  10 rats
66 creatures vanquished.

Notes
Turn   | Place    | Note
-------+----------+-------------------------------------------
     0 | D:1      | qw the Deep Elf Hunter began the quest for the Orb.
     0 | D:1      | Reached XP level 1. HP: 12/12 MP: 3/3
     0 | D:1      | 0 ||| qw: Version: 0.3-a-22-g0ed2b0b
     0 | D:1      | 0 ||| qw: Game counter: 5738
     0 | D:1      | 0 ||| qw: Melee chars always use a shield: true
     0 | D:1      | 0 ||| qw: God list: Okawaru
     0 | D:1      | 0 ||| qw: Allow faded altars: false
     0 | D:1      | 0 ||| qw: Do Orc after clearing Dungeon:15 true
     0 | D:1      | 0 ||| qw: Do second Lair branch before Depths: true
     0 | D:1      | 0 ||| qw: Lair rune preference: random
     0 | D:1      | 0 ||| qw: Goals: Normal
     0 | D:1      | 0 ||| PLANNING D:1-11
   100 | D:1      | Reached skill level 6 in Ranged Weapons
   100 | D:1      | Reached XP level 2. HP: 16/16 MP: 4/4
   317 | D:1      | 317 ||| FLEEEEING.
   318 | D:1      | 318 ||| FLEEEEING.
   513 | D:1      | Reached XP level 3. HP: 20/20 MP: 5/5
   554 | D:1      | 554 ||| FLEEEEING.
   555 | D:1      | 555 ||| FLEEEEING.
   717 | D:1      | 717 ||| DROPPING ring of magical power.
   718 | D:1      | 718 ||| UPGRADING to ring of positive energy.
   719 | D:1      | 719 ||| DROPPING +6 ring of intelligence.
   720 | D:1      | 720 ||| READING scroll labelled CYSUDA DOAMM.
   721 | D:1      | 721 ||| READING scroll labelled TIGURR DEUMN.
   722 | D:1      | 722 ||| READING scroll labelled ECUTHY RELLAET.
   723 | D:1      | 723 ||| READING scroll labelled BAIMOUXUEZUOF.
   724 | D:1      | 724 ||| READING scroll labelled ONWIFU FUFOOQE.
   725 | D:1      | 725 ||| DROPPING scroll of butterflies.
   727 | D:1      | 727 ||| Stepping ~*~*~tactically~*~*~ (cloud).
   915 | D:2      | Reached skill level 7 in Ranged Weapons
   974 | D:2      | Found a shimmering altar of Xom.
  1155 | D:2      | HP: 4/20 [poisoned by an adder]
  1156 | D:2      | HP: 1/20 [adder (2)]
  1258 | D:2      | Found Laixeg's Distillery.
  1269 | D:2      | 1269 ||| BUYING 2 potions of curing (84 gold).
  1269 | D:2      | Bought 2 potions of curing for 84 gold pieces
  1269 | D:2      | 1269 ||| SHOPLISTING 2 potions of enlightenment (140 gold,
                  | have 49).
  1269 | D:2      | 1269 ||| BUYING potion of curing (42 gold).
  1269 | D:2      | Bought a potion of curing for 42 gold pieces
  1269 | D:2      | 1269 ||| SHOPLISTING potion of enlightenment (70 gold, have
                  | 7).
  1269 | D:2      | 1269 ||| SHOPLISTING potion of haste (140 gold, have 7).
  1269 | D:2      | 1269 ||| SHOPLISTING potion of resistance (140 gold, have
                  | 7).
  1517 | D:2      | 1517 ||| UPGRADING to +0 helmet.
  1522 | D:2      | 1522 ||| READING scroll labelled LOIRGHA SOSUFROW.
  1623 | D:2      | 1623 ||| READING 2 scrolls of identify.
  1623 | D:2      | 1623 ||| IDENTIFYING smoky sapphire potion
  1661 | D:3      | 1661 ||| FLEEEEING.
  1670 | D:3      | 1670 ||| STAIRDANCE
  1772 | D:3      | Reached XP level 4. HP: 25/25 MP: 6/6
  1799 | D:3      | Found a faded altar of an unknown god.
  1831 | D:3      | Found a bloodstained altar of Trog.
  2241 | D:3      | Noticed Terence
  2249 | D:3      | Killed Terence
  2250 | D:3      | Reached skill level 8 in Ranged Weapons
  2481 | D:3      | 2481 ||| UPGRADING to +0 pair of gloves.
  2486 | D:3      | 2486 ||| UPGRADING to +0 scale mail.
  2496 | D:3      | 2496 ||| DROPPING +0 leather armour.
  2497 | D:3      | 2497 ||| UPGRADING to ring of resist corrosion.
  2498 | D:3      | 2498 ||| READING scroll labelled FOELOH REDA.
  2499 | D:3      | 2499 ||| READING scroll labelled NIOGAOZOU.
  2626 | D:4      | 2626 ||| PLANNING D:1-11
  2633 | D:4      | HP: 5/25 [something (2)]
  2637 | D:4      | HP: 2/25 [something (3)]
  2640 | D:4      | Killed from afar by an orc wizard

Levels and vault maps discovered:
D:1:      dpeg_arrival_round_c, layout_basic, nrook_campfire, minmay_cupped
D:2:      layout_loops_ring, serial_shops, nicolae_shop_tiny_statue_garden,
          basic_altar, palyth_stone_intersect
D:3:      layout_basic, mainiacjoe_overflow_tiny_flanked,
          shapermc_ecumenical_altar_gd, minivault_14, minmay_fountain_box,
          minivault_11, minmay_door_square, uniq_terence
D:4:      layout_loops_ring, serial_bayou, serial_bayou_pond_b,
          serial_bayou_crossing, serial_bayou_lagoon_a, serial_bayou_pond_e,
          serial_bayou_ford_a, serial_bayou_shore_b, uniq_natasha

Skill      XL: |  1  2  3  4 |
---------------+-------------+-----
Ranged Weapons | 6 7 8 |  8.1
Fighting       | |  1.5
Armour         | |  0.9
Dodging        | |  2.4
Stealth        | |  1.2

Action                     |  1- 3 |  4- 6 || total
---------------------------+-------+-------++-------
   Fire: Shortbow          |   137 |    58 ||   195
    Use: Scroll            |     7 |     2 ||     9
 Armour: Leather armour    |     8 |     1 ||     9
         Scale mail        |       |     9 ||     9
  Dodge: Dodged            |    28 |     6 ||    34

Table legend:
 A = Non-vault XP
 B = Vault XP
 C = Vault XP percentage of total XP
 D = Non-vault monster count
 E = Vault monster count
 F = Vault count percentage of total count
                 A         B        C        D         E       F
            +---------+---------+-------+---------+---------+-------
      Total |     156 |      39 |  20.0 |      63 |       3 |   4.5
            +---------+---------+-------+---------+---------+-------
        D:1 |      50 |       3 |   5.7 |      28 |       2 |   6.7
        D:2 |      42 |       0 |   0.0 |      19 |       0 |   0.0
        D:3 |      35 |      36 |  50.7 |       8 |       1 |  11.1
        D:4 |      29 |       0 |   0.0 |       8 |       0 |   0.0
            +---------+---------+-------+---------+---------+-------
